 Dungeon Crawl Stone Soup version 0.21.0-3-g78d12a8 (webtiles) character file.

2951 pstr the Geomancer (level 9, -8/73 HPs)
             Began as a Naga Earth Elementalist on Jan 14, 2018.
             Mangled by Duvessa
             ... wielding a +0 rapier
              (14 damage)
             ... on level 8 of the Dungeon.
             The game lasted 00:35:25 (10716 turns).

pstr the Geomancer (Naga Earth Elementalist)       Turns: 10716, Time: 00:35:25

Health: -8/73      AC: 12    Str: 12    XL:     9   Next: 81%
Magic:  2/20       EV: 11    Int: 21    God:
Gold:   261        SH:  0    Dex: 11    Spells: 14/23 levels left

rFire    + . .     SeeInvis +   q - +3 quarterstaff (chaos)
rCold    . . .     Gourm    .   (shield currently unavailable)
rNeg     . . .     Faith    .   p - +2 robe {rF+}
rPois    +         Spirit   .   y - +2 helmet {Int+3}
rElec    .         Reflect  .   r - +2 cloak
rCorr    +         Harm     .   (no gloves)
MR       +....                  (no barding)
Stlth    ++++......             (no amulet)
HPRegen  0.22/turn              k - ring of resist corrosion
MPRegen  0.17/turn              m - ring of stealth

@: very slow
A: large, see invisible, deformed body, poison resistance, slowness 2, slow
metabolism 1, spit poison 1, AC +3
a: Spit Poison


You were on level 8 of the Dungeon.
You were not hungry.

You visited 2 branches of the dungeon, and saw 9 of its levels.
You also visited: Sewer.

You collected 261 gold pieces.

Inventory:

Hand Weapons
 h - a -3 short sword
 q - a +3 quarterstaff of chaos (weapon)
 G - a cursed +3 long sword
Missiles
 b - 123 stones (quivered)
Armour
 c - a +0 robe
 p - a +2 robe of fire resistance (worn)
 r - a +2 cloak (worn)
 y - a +2 helmet of intelligence (worn)
 E - a +0 leather armour
Jewellery
 k - a ring of resist corrosion (left hand)
 m - a ring of stealth (right hand)
Wands
 s - a wand of disintegration (19)
 D - a wand of digging (5)
 F - a wand of enslavement (23)
Scrolls
 f - 4 scrolls of teleportation
 i - 3 scrolls of identify
 l - a scroll of fog
 u - a scroll of immolation
 w - a scroll of amnesia {unknown}
 x - 2 scrolls of remove curse
 z - a scroll of random uselessness
 B - a scroll of fear
 C - a scroll of magic mapping
 H - a scroll of enchant weapon
 I - a scroll of vulnerability {unknown}
Potions
 a - a potion of resistance
 g - 5 potions of flight
 j - 2 potions of lignification
 n - 4 potions of might
 o - 2 potions of curing
 t - 4 potions of heal wounds
 v - a potion of brilliance
 A - 2 potions of ambrosia
Books
 e - a book of Geomancy

   Spells                             Type                      Level
   a - Sandblast                      Earth                        1
   b - Passwall                       Transmutation/Earth          2
   c - Stone Arrow                    Conjuration/Earth            3
   d - Petrify                        Transmutation/Earth          4
   e - Lee's Rapid Deconstruction     Earth                        5
Comestibles
 d - 4 rations
 J - 4 chunks of flesh


   Skills:
 + Level 2.0 Fighting
 + Level 1.5 Staves
 + Level 3.6 Dodging
 + Level 5.0 Stealth
 + Level 7.6 Spellcasting
 + Level 4.6 Conjurations
   Level 1.0 Transmutations
 + Level 8.1 Earth Magic


You had 14 spell levels left.
You knew the following spells:

 Your Spells              Type           Power        Failure   Level  Hunger
a - Sandblast             Erth           #####.       1%          1    None
b - Stone Arrow           Conj/Erth      ####..       1%          3    None
c - Lee's Rapid Deconstr  Erth           #####.....   9%          5    #####..


Dungeon Overview and Level Annotations

Branches:
Dungeon (8/15)             Temple (1/1) D:5
   Lair: D:8-11

Altars:
Ashenzari
Cheibriados
Dithmenos
Elyvilon
Fedhas
Gozag
Hepliaklqana
Kikubaaqudgha
Makhleb
Nemelex Xobeh
Okawaru
Qazlal
Ru
Sif Muna
Trog
Uskayaw
Vehumet
Wu Jian
Xom
Yredelemnul
Zin
The Shining One

Shops:
D:6 }

Annotations:
D:8 Duvessa


Innate Abilities, Weirdness & Mutations

You cannot wear boots.
Your serpentine skin is tough. (AC +3)
You have supernaturally acute eyesight. (SInv)
Armour fits poorly on your strangely shaped body.
Your system is resistant to poisons. (rPois)
You cover ground very slowly.
You have a slow metabolism.
You can spit poison.


Message History

Duvessa hits you with a rapier! The adder bites you but does no damage.
Duvessa hits you but does no damage. The adder barely misses you.
Duvessa barely misses you. Duvessa hits you with a rapier!
* * * LOW HITPOINT WARNING * * *
The adder barely misses you.
You have got your breath back.
Duvessa hits you with a rapier.
* * * LOW HITPOINT WARNING * * *
The adder bites you but does no damage.
There is a stone staircase leading down, spattered with blood here.
Duvessa hits you with a rapier.
* * * LOW HITPOINT WARNING * * *
The adder bites you but does no damage.
You climb downwards.
A scorpion and an orc come into view.
There is a stone staircase leading up here.
Duvessa rages.
Duvessa hits you with a rapier!
You die...

... ..# ## ...
.o. .. #.## ..#
##.####..##..#.
...............
...s...S.......
....###e..#
.......@#....#
........# #.##
#...##..# ..
#.. #..# . #.
.... . ....#
..... ......


You could see Duvessa (berserk), an adder and an orc (sleeping).

Vanquished Creatures
  Sigmund (D:5)
  Eustachio (D:6)
  Menkaure (D:5)
  2 orc warriors
  2 sky beasts (D:5)
  2 ice beasts (D:6)
  2 ogres
  2 centaurs (D:6)
  A big kobold (Sewer)
  A bullfrog (D:5)
  A wyvern skeleton (D:7)
  3 scorpions
  Dowan (D:7)
  5 wights
  2 crimson imps
  A howler monkey (D:5)
  3 orc priests
  Crazy Yiuf (D:2)
  A jelly (D:5)
  2 hounds (D:6)
  10 orc wizards
  2 centaur skeletons
  Jessica (D:2)
  Ijyb (D:5)
  An iguana (D:7)
  A worker ant (D:4)
  A hound skeleton (D:6)
  A worker ant zombie (D:6)
  A howler monkey zombie (D:6)
  10 adders
  4 oozes
  2 adder skeletons
  3 worms
  3 dart slugs
  3 leopard geckos
  29 orcs
  6 giant cockroaches
  9 goblins
  6 hobgoblins
  4 jackals (D:1)
  22 kobolds
  3 quokkas
  5 ball pythons
  10 bats
  3 frilled lizards
  2 jackal skeletons
  9 rats
  A bush (D:2)
188 creatures vanquished.

Notes
Turn   | Place    | Note
-------+----------+-------------------------------------------
     0 | D:1      | pstr the Naga Earth Elementalist began the quest for the Orb.
     0 | D:1      | Reached XP level 1. HP: 15/15 MP: 3/3
     5 | D:1      | Noticed a black mamba
    70 | D:1      | Reached XP level 2. HP: 16/22 MP: 0/5
   511 | D:1      | Reached XP level 3. HP: 27/28 MP: 3/6
  1246 | D:2      | Noticed Jessica
  1251 | D:2      | Killed Jessica
  1251 | D:2      | Reached skill level 4 in Earth Magic
  1251 | D:2      | Reached XP level 4. HP: 36/36 MP: 5/8
  1260 | D:2      | Learned a level 3 spell: Stone Arrow
  2865 | D:2      | Paralysed by fainting for 11 turns
  3071 | D:2      | Found a runed door.
  3075 | D:2      | Noticed Crazy Yiuf
  3080 | D:2      | Killed Crazy Yiuf
  3080 | D:2      | Reached XP level 5. HP: 42/42 MP: 1/10
  3803 | D:3      | Learned a level 5 spell: Lee's Rapid Deconstruction
  4133 | D:4      | Found a glowing drain.
  4153 | D:4      | Reached XP level 6. HP: 45/49 MP: 0/11
  4155 | D:4      | Reached skill level 5 in Earth Magic
  4273 | Sewer    | Entered a sewer
  4509 | Sewer    | Reached skill level 1 in Conjurations
  5152 | D:4      | Reached XP level 7. HP: 56/56 MP: 0/13
  6156 | D:5      | Entered Level 5 of the Dungeon
  6377 | D:5      | Found a bloodstained altar of Trog.
  6598 | D:5      | Reached skill level 1 in Fighting
  6598 | D:5      | Reached skill level 1 in Staves
  6598 | D:5      | Reached skill level 5 in Spellcasting
  6598 | D:5      | Reached skill level 6 in Earth Magic
  6689 | D:5      | Reached XP level 8. HP: 64/64 MP: 8/15
  6713 | D:5      | Noticed Sigmund
  6729 | D:5      | Killed Sigmund
  6822 | D:5      | Noticed Menkaure
  6840 | D:5      | Killed Menkaure
  7113 | D:5      | Noticed Ijyb
  7116 | D:5      | Killed Ijyb
  7589 | D:5      | Found a staircase to the Ecumenical Temple.
  7600 | Temple   | Entered the Ecumenical Temple
  8211 | D:6      | Reached skill level 7 in Earth Magic
  8350 | D:6      | Reached XP level 9. HP: 61/70 MP: 7/18
  9600 | D:6      | Noticed Eustachio
  9612 | D:6      | Killed Eustachio
  9885 | D:6      | Reached skill level 5 in Stealth
  9999 | D:6      | Reached skill level 8 in Earth Magic
 10380 | D:6      | Found Sytilyop's Gadget Boutique.
 10514 | D:7      | Found a stormy altar of Qazlal.
 10695 | D:7      | Noticed Duvessa
 10695 | D:7      | Noticed Dowan
 10699 | D:7      | Killed Dowan
 10716 | D:8      | Mangled by Duvessa

Skill      XL: |  1  2  3  4  5  6  7  8  9 |
---------------+----------------------------+-----
Earth Magic    | 4 5 6 7 8 |  8.1
Spellcasting   | 3 4 5 6 7 |  7.6
Conjurations   | 1 2 3 4 |  4.6
Dodging        | 2 3 |  3.6
Stealth        | 4 5 |  5.0
Fighting       | 1 2 |  2.0
Staves         | 1 |  1.5
Transmutations | |  1.0

Action                   |  1- 3 |  4- 6 |  7- 9 || total
-------------------------+-------+-------+-------++-------
Melee: Short sword       |       |   554 |       ||   554
       Quarterstaff      |       |     4 |    18 ||    22
 Cast: Sandblast         |    46 |    33 |    48 ||   127
       Stone Arrow       |       |    76 |   107 ||   183
       Lee's Rapid Decon |       |       |     8 ||     8
 Abil: Spit Poison       |     2 |    19 |    29 ||    50
  Use: Scroll            |       |     3 |     7 ||    10
       Potion            |       |       |    11 ||    11
  Eat: Chunk             |     1 |    11 |    18 ||    30
       Ration            |       |     3 |     1 ||     4
Armor: Robe              |    10 |    50 |    62 ||   122
       Skin              |       |       |    34 ||    34
Dodge: Dodged            |    18 |    66 |    93 ||   177
